 Dungeon Sprint DCSS version 0.17-a0-1718-g72dbe4d (webtiles) character file.

13500000 ztt the Axe Maniac (level 27, -50/273 HPs)
             Began as a Ghoul Gladiator on Aug 25, 2015.
             Was the Champion of Makhleb.
             Annihilated by a fleshlord
             ... wielding a +9 great mace
              (180 damage)
             ... in the Dungeon (Sprint VIII: "Arena of Blood").
             The game lasted 00:02:58 (135 turns).

ztt the Axe Maniac (Ghoul Gladiator)                 Turns: 135, Time: 00:02:58

Health: -50/273    AC:  8    Str: 32    XL:     27
Magic:  48/53      EV: 23    Int:  3    God:    Makhleb [******]
Gold:   0          SH:  0    Dex:  9    Spells: 0 memorised, 80 levels left

rFire  . . .     SeeInvis +     l - +∞ Axe of Woe
rCold  + . .     Clarity  .     b - +0 leather armour
rNeg   + + +     SustAt   .     (no shield)
rPois  ∞         Gourm    .     c - +0 helmet
rElec  .         Spirit   .     (no cloak)
rCorr  .         Warding  .     (no gloves)
rMut   .         NoTele   +     (no boots)
MR     ++...                    (no amulet)
Stlth  +++++++++.               (no ring)
                                m - ring of see invisible

@: rotting, very resistant to hostile enchantments, incredibly stealthy
A: rotting body, claws 1, carnivore 3, cold resistance 1, negative energy
resistance 3, slow healing 1, torment resistance, unbreathing
a: Minor Destruction, Lesser Servant of Makhleb, Major Destruction, Greater
Servant of Makhleb, Renounce Religion


You were in the Dungeon.
You worshipped Makhleb.
Makhleb was exalted by your worship.
You were not hungry.

You visited 1 branch

Inventory:

Hand weapons
 a - a +0 war axe
 l - the +∞ Axe of Woe (weapon)
   (You found it in the Dungeon)
Missiles
 d - 3 throwing nets (quivered)
Armour
 b - a +0 leather armour (worn)
 c - a +0 helmet (worn)
Jewellery
 m - a ring of see invisible (left claw)
Scrolls
 k - a scroll of blinking
Potions
 f - a potion of curing
 g - a potion of heal wounds
 h - a potion of haste
 i - 2 potions of magic
 j - a potion of berserk rage
Comestibles
 e - a meat ration


   Skills:
 O Level 27 Fighting
 O Level 27 Axes
 O Level 27 Throwing
 O Level 27 Armour
 O Level 27 Dodging
 O Level 27 Stealth
 O Level 27 Unarmed Combat
 O Level 27 Spellcasting
 O Level 27 Invocations


You had 80 spell levels left.
You didn't know any spells.

Dungeon Overview and Level Annotations

Branches:
Dungeon (1/1)

Altars:
Makhleb

Annotations:
D The Defiler, The Servant


Innate Abilities, Weirdness & Mutations

Your body is rotting away.
You thrive on raw meat.
You are immune to poison.
You have sharp fingernails.
You are carnivorous and can eat meat at any time.
Your flesh is cold resistant.
You are immune to negative energy.
You heal slowly when monsters are visible.
You are immune to unholy pain and torment.
You can survive without breathing.


Message History

Unknown command.
You hit the destroyer but do no damage.
You fatally mangle the destroyer.
You destroy the destroyer!
Makhleb accepts your kill.
You slice the bag of meat!!
You fatally mangle the bag of meat.
You kill the bag of meat!
Makhleb accepts your kill.
You hear a shout! x2
The Defiler throws fire at you.
The fireball explodes!
The fireball engulfs you!
Ouch! That really hurt!
You hear a roar!
A fleshlord comes into view. It is wielding a +9 great mace.
The fleshlord shouts!
Unknown command.
Unknown command.
You hear a shout! x6
The fleshlord hits you with a +9 great mace!!!!!
Ouch! That really hurt!
You die...

.....#..).)..# ..
.....#..))...#...
..%......%..%.... ....
..%.....)........#o..#
.......)))......#....#
.....%))))%...##.o...
.....#.)))%%..#......
%%.....)))...p#..@###C.
....##%#.).))@))@.D....
.........).).))).C..p..
###....#.).%)####.....
......)..%W)..).#......
.........)).)).......##
###.......)..)....####
#################


You could see The Servant, an eight-headed meat hydra, 2 fleshlords, a large bag
of meat (inner flame), The Defiler, a dread and 2 bags of meat.

Vanquished Creatures
  2 hell knights (D)
  6 hell beasts (D)
  4 greater mummies (D)
  3 great orbs of eyes (D)
  3 wraiths (D)
  9 vampire knights (D)
  35 ogres (D)
  A lich (D)
  2 hydras (D)
  58 orcs (D)
  6 phantoms (D)
  4 hill giants (D)
  4 skeletal warriors (D)
  3 sea snakes (D)
  7 large abominations (D)
  8 small abominations (D)
  8 crawling corpses (D)
163 creatures vanquished.

Vanquished Creatures (others)
  3 crawling corpses (D)
3 creatures vanquished.

Grand Total: 166 creatures vanquished

Notes
Turn   | Place    | Note
--------------------------------------------------------------
     0 | D        | ztt the Ghoul Gladiator began the quest for the Orb.
     0 | D        | Reached XP level 1. HP: 17/17 MP: 0/0
     3 | D        | Noticed a bag of meat
     4 | D        | Became a worshipper of Makhleb the Destroyer
     5 | D        | Noticed a bag of meat
     5 | D        | Noticed a bag of meat
     7 | D        | Noticed a bag of meat
     7 | D        | Killed a bag of meat
     7 | D        | Reached skill level 11 in Fighting
     7 | D        | Reached skill level 16 in Axes
     7 | D        | Reached XP level 2. HP: 20/40 MP: 1/1
     7 | D        | Reached XP level 3. HP: 23/47 MP: 2/2
     7 | D        | Reached XP level 4. HP: 26/55 MP: 3/3
     7 | D        | Reached XP level 5. HP: 28/61 MP: 4/4
     7 | D        | Reached XP level 6. HP: 31/68 MP: 5/5
     7 | D        | Reached XP level 7. HP: 33/74 MP: 6/6
     7 | D        | Reached XP level 8. HP: 36/82 MP: 7/7
     7 | D        | Reached XP level 9. HP: 39/89 MP: 8/8
     7 | D        | Reached XP level 10. HP: 42/96 MP: 9/9
     7 | D        | Reached XP level 11. HP: 44/102 MP: 10/10
     7 | D        | Reached XP level 12. HP: 47/110 MP: 11/11
     8 | D        | Killed a bag of meat
     8 | D        | Acquired Makhleb's first power
     8 | D        | Reached skill level 18 in Axes
     8 | D        | Reached skill level 10 in Throwing
     8 | D        | Reached XP level 13. HP: 12/119 MP: 12/12
     8 | D        | Killed a bag of meat
     8 | D        | Reached skill level 20 in Axes
     8 | D        | Reached XP level 14. HP: 12/130 MP: 13/13
     9 | D        | Noticed a bag of meat
     9 | D        | Noticed a bag of meat
     9 | D        | Noticed a bag of meat
     9 | D        | Noticed a bag of meat
     9 | D        | Noticed a bag of meat
     9 | D        | Noticed a meat berserker
     9 | D        | Killed a bag of meat
     9 | D        | Acquired Makhleb's second power
     9 | D        | Reached skill level 21 in Axes
    10 | D        | Noticed a bag of meat
    10 | D        | Noticed a bag of meat
    10 | D        | Noticed a meat berserker
    10 | D        | Killed a meat berserker
    10 | D        | Reached skill level 23 in Axes
    10 | D        | Reached XP level 15. HP: 12/145 MP: 14/14
    11 | D        | Noticed a meat berserker
    11 | D        | Noticed a meat berserker
    11 | D        | Noticed a meat berserker
    12 | D        | Noticed a meat berserker
    13 | D        | Noticed a meat berserker
    13 | D        | Killed a bag of meat
    13 | D        | Acquired Makhleb's third power
    13 | D        | Reached skill level 24 in Axes
    13 | D        | Reached XP level 16. HP: 70/155 MP: 15/15
    14 | D        | Killed a meat berserker
    14 | D        | Reached skill level 26 in Axes
    14 | D        | Reached skill level 15 in Throwing
    14 | D        | Killed a bag of meat
    14 | D        | Reached skill level 27 in Axes
    14 | D        | Reached skill level 27 in Dodging
    14 | D        | Reached XP level 17. HP: 164/168 MP: 16/16
    14 | D        | Killed a meat berserker
    14 | D        | Acquired Makhleb's fourth power
    15 | D        | Killed a bag of meat
    15 | D        | Reached XP level 18. HP: 176/194 MP: 17/17
    15 | D        | Noticed a bag of meat
    16 | D        | Noticed a bag of meat
    16 | D        | Killed a bag of meat
    16 | D        | Killed a bag of meat
    16 | D        | Acquired Makhleb's fifth power
    16 | D        | Reached skill level 27 in Fighting
    16 | D        | Killed a meat berserker
    16 | D        | Reached skill level 27 in Throwing
    16 | D        | Reached XP level 19. HP: 205/207 MP: 18/18
    17 | D        | Noticed a bag of meat
    17 | D        | Killed a meat berserker
    17 | D        | Reached skill level 10 in Unarmed Combat
    17 | D        | Reached skill level 10 in Invocations
    17 | D        | Killed a meat berserker
    17 | D        | Reached skill level 15 in Stealth
    17 | D        | Killed a bag of meat
    17 | D        | Reached skill level 15 in Unarmed Combat
    17 | D        | Reached skill level 15 in Invocations
    17 | D        | Reached XP level 20. HP: 216/216 MP: 18/35
    18 | D        | Killed a meat berserker
    18 | D        | Reached skill level 15 in Armour
    18 | D        | Killed a bag of meat
    18 | D        | Reached skill level 15 in Spellcasting
    19 | D        | Noticed a bag of meat
    19 | D        | Noticed a bag of meat
    19 | D        | Noticed a meat berserker
    20 | D        | Noticed a bag of meat
    20 | D        | Noticed a meat berserker
    20 | D        | Noticed a meat berserker
    21 | D        | Noticed a destroyer
    21 | D        | Noticed a large bag of meat
    22 | D        | Noticed a bag of meat
    22 | D        | Noticed a bag of meat
    22 | D        | Noticed a bag of meat
    22 | D        | Noticed a bag of meat
    22 | D        | Noticed a meat berserker
    22 | D        | Noticed a meat berserker
    23 | D        | Noticed a meat berserker
    23 | D        | Noticed a bag of meat
    23 | D        | Noticed a large bag of meat
    23 | D        | Noticed a meat berserker
    23 | D        | Noticed a meat berserker
    23 | D        | Noticed a large bag of meat
    23 | D        | Killed a meat berserker
    23 | D        | Reached skill level 27 in Stealth
    23 | D        | Reached XP level 21. HP: 224/224 MP: 19/39
    24 | D        | Noticed a bag of meat
    24 | D        | Killed a meat berserker
    25 | D        | Noticed a bag of meat
    25 | D        | Killed a meat berserker
    26 | D        | Noticed a bag of meat
    26 | D        | Killed a bag of meat
    26 | D        | Reached XP level 22. HP: 233/233 MP: 19/44
    26 | D        | Killed a meat berserker
    26 | D        | Killed a large bag of meat
    26 | D        | Killed a bag of meat
    27 | D        | Noticed a bag of meat
    27 | D        | Killed a meat berserker
    27 | D        | Reached skill level 27 in Unarmed Combat
    27 | D        | Reached skill level 27 in Invocations
    27 | D        | Reached XP level 23. HP: 240/240 MP: 20/49
    27 | D        | Killed a bag of meat
    28 | D        | Noticed a large bag of meat
    28 | D        | Killed a bag of meat
    28 | D        | Reached skill level 27 in Armour
    28 | D        | Killed a meat berserker
    28 | D        | Reached skill level 27 in Spellcasting
    29 | D        | Noticed a bag of meat
    29 | D        | Killed a bag of meat
    29 | D        | Killed a bag of meat
    29 | D        | Killed a meat berserker
    29 | D        | Reached XP level 24. HP: 249/249 MP: 20/53
    30 | D        | Noticed a meat berserker
    30 | D        | Noticed a bag of meat
    30 | D        | Killed a meat berserker
    31 | D        | Noticed a bag of meat
    32 | D        | Killed a bag of meat
    32 | D        | Killed a bag of meat
    32 | D        | Killed a large bag of meat
    33 | D        | Noticed a bag of meat
    33 | D        | Noticed a bag of meat
    33 | D        | Noticed a sculptor of flesh
    33 | D        | Killed a bag of meat
    33 | D        | Reached XP level 25. HP: 257/257 MP: 21/53
    33 | D        | Killed a large bag of meat
    33 | D        | Killed a bag of meat
    34 | D        | Noticed a sculptor of flesh
    34 | D        | Killed a large bag of meat
    35 | D        | Noticed a meat berserker
    35 | D        | Killed a bag of meat
    35 | D        | Killed a bag of meat
    35 | D        | Killed a meat berserker
    35 | D        | Killed a bag of meat
    36 | D        | Noticed a bag of meat
    37 | D        | Noticed a meat berserker
    37 | D        | Noticed a sculptor of flesh
    37 | D        | Killed a bag of meat
    37 | D        | Reached XP level 26. HP: 266/266 MP: 22/53
    37 | D        | Killed a bag of meat
    38 | D        | Noticed a bag of meat
    38 | D        | Killed a bag of meat
    38 | D        | Killed a destroyer
    39 | D        | Noticed a bag of meat
    39 | D        | Noticed a bag of meat
    39 | D        | Noticed a bag of meat
    40 | D        | Noticed a destroyer
    40 | D        | Killed a bag of meat
    40 | D        | Killed a bag of meat
    40 | D        | Noticed a bag of meat
    41 | D        | Noticed a bag of meat
    41 | D        | Killed a meat berserker
    41 | D        | Reached XP level 27. HP: 273/273 MP: 23/53
    41 | D        | Killed a meat berserker
    42 | D        | Noticed a bag of meat
    42 | D        | Killed a destroyer
    43 | D        | Noticed a bag of meat
    43 | D        | Killed a bag of meat
    44 | D        | Killed a bag of meat
    44 | D        | Killed a sculptor of flesh
    44 | D        | Killed a sculptor of flesh
    46 | D        | Noticed a destroyer
    46 | D        | Noticed a destroyer
    46 | D        | Killed a bag of meat
    46 | D        | Killed a sculptor of flesh
    46 | D        | Killed a bag of meat
    46 | D        | Killed a bag of meat
    47 | D        | Killed a bag of meat
    48 | D        | Noticed a destroyer
    48 | D        | Noticed a destroyer
    50 | D        | Killed a bag of meat
    50 | D        | Killed a bag of meat
    50 | D        | Killed a bag of meat
    50 | D        | Killed a bag of meat
    52 | D        | Noticed an accursed
    52 | D        | Noticed an accursed
    52 | D        | Noticed an accursed
    52 | D        | Killed a destroyer
    52 | D        | Killed a bag of meat
    53 | D        | Noticed a meat berserker
    53 | D        | Killed an accursed
    54 | D        | Noticed a meat berserker
    54 | D        | Killed a destroyer
    55 | D        | Noticed a bag of meat
    56 | D        | Killed a meat berserker
    58 | D        | Noticed an accursed
    58 | D        | Killed a destroyer
    62 | D        | Killed a meat berserker
    64 | D        | Killed an accursed
    65 | D        | Noticed a meat berserker
    65 | D        | Noticed a meat berserker
    66 | D        | Noticed a meat berserker
    67 | D        | Noticed a bag of meat
    67 | D        | Noticed a destroyer
    68 | D        | Killed a meat berserker
    69 | D        | Noticed a meat berserker
    69 | D        | Killed a destroyer
    70 | D        | Noticed a meat berserker
    70 | D        | Killed a meat berserker
    71 | D        | Noticed a bag of meat
    72 | D        | Killed a bag of meat
    72 | D        | Killed a meat berserker
    73 | D        | Noticed a meat berserker
    74 | D        | Killed a meat berserker
    74 | D        | Killed a meat berserker
    75 | D        | Noticed a meat berserker
    75 | D        | Noticed a meat berserker
    76 | D        | Killed an accursed
    76 | D        | Killed a bag of meat
    76 | D        | Killed an accursed
    77 | D        | Noticed a bag of meat
    77 | D        | Killed a meat berserker
    77 | D        | Noticed a meat beast
    78 | D        | Noticed a dread
    78 | D        | Killed a bag of meat
    79 | D        | Noticed a bag of meat
    79 | D        | Noticed a wretched soul
    79 | D        | Killed a meat berserker
    79 | D        | Killed a destroyer
    80 | D        | Noticed a bag of meat
    81 | D        | Noticed a meat beast
    81 | D        | Killed a meat berserker
    81 | D        | Killed a meat beast
    82 | D        | Noticed a meat berserker
    82 | D        | Noticed a bag of meat
    84 | D        | Noticed a bag of meat
    85 | D        | Killed a meat beast
    87 | D        | Killed a wretched soul
    87 | D        | Killed a meat berserker
    88 | D        | Killed a bag of meat
    88 | D        | Killed a bag of meat
    89 | D        | Noticed a meat berserker
    90 | D        | Noticed a bag of meat
    90 | D        | Killed a dread
    91 | D        | Noticed a wretched soul
    92 | D        | Noticed a wretched soul
    92 | D        | Killed a bag of meat
    93 | D        | Noticed a meat beast
    93 | D        | Noticed a dread
    93 | D        | Noticed a bag of meat
    93 | D        | Noticed a meat beast
    94 | D        | Noticed a tyrant
    94 | D        | Killed a meat berserker
    94 | D        | Killed a wretched soul
    95 | D        | Killed a meat beast
    96 | D        | Killed a bag of meat
    96 | D        | Killed a meat beast
    97 | D        | Noticed a meat berserker
    98 | D        | Noticed a wretched soul
    98 | D        | Killed a bag of meat
    98 | D        | Killed a bag of meat
    99 | D        | Noticed a meat berserker
    99 | D        | Noticed a wretched soul
    99 | D        | Noticed a meat beast
    99 | D        | Killed a bag of meat
   101 | D        | Noticed a bag of meat
   101 | D        | Noticed a sculptor of flesh
   101 | D        | Noticed a wretched soul
   101 | D        | Killed a wretched soul
   101 | D        | Killed a dread
   102 | D        | Noticed an observer
   102 | D        | Killed a meat beast
   102 | D        | Killed a meat berserker
   104 | D        | Noticed a bag of meat
   104 | D        | Noticed an observer
   104 | D        | Killed a meat berserker
   105 | D        | Noticed an observer
   105 | D        | Killed a tyrant
   107 | D        | Noticed a destroyer
   107 | D        | Killed a wretched soul
   108 | D        | Killed a destroyer
   109 | D        | Killed an observer
   111 | D        | Noticed a meat beast
   111 | D        | Killed an observer
   112 | D        | Killed a wretched soul
   112 | D        | Killed a wretched soul
   114 | D        | Killed a bag of meat
   114 | D        | Killed an observer
   115 | D        | Noticed a meat berserker
   115 | D        | Killed a meat beast
   116 | D        | Killed a sculptor of flesh
   117 | D        | Noticed a bag of meat
   117 | D        | Noticed a meat berserker
   118 | D        | Killed a bag of meat
   119 | D        | Noticed a bag of meat
   119 | D        | Noticed a dread
   120 | D        | Noticed a bag of meat
   120 | D        | Noticed a fleshlord
   121 | D        | Noticed a bag of meat
   121 | D        | Killed a meat berserker
   121 | D        | Killed a meat berserker
   122 | D        | Noticed a meat berserker
   123 | D        | Noticed a bag of meat
   123 | D        | Killed a dread
   124 | D        | Killed a bag of meat
   125 | D        | Noticed a bag of meat
   126 | D        | Noticed a large bag of meat
   126 | D        | Noticed a fleshlord
   127 | D        | Killed a bag of meat
   128 | D        | Noticed The Defiler
   128 | D        | Killed a bag of meat
   128 | D        | Killed a meat berserker
   129 | D        | Noticed a bag of meat
   129 | D        | Noticed a fleshlord
   129 | D        | Killed a fleshlord
   130 | D        | Noticed a dread
   130 | D        | Noticed a destroyer
   130 | D        | Noticed The Servant
   130 | D        | Killed a fleshlord
   131 | D        | Noticed a bag of meat
   131 | D        | Killed a bag of meat
   132 | D        | Killed a bag of meat
   133 | D        | Noticed a bag of meat
   134 | D        | Noticed a large bag of meat
   134 | D        | Killed a destroyer
   134 | D        | Killed a bag of meat
   134 | D        | Noticed a fleshlord
   135 | D        | Annihilated by a fleshlord

Vault maps used:
D:        meatsprint

Action                   |  1- 3 |  4- 6 |  7- 9 | 10-12 | 13-15 | 16-18 | 19-21 | 22-24 | 25-27 || total
-------------------------+-------+-------+-------+-------+-------+-------+-------+-------+-------++-------
Melee: Executioner's axe |     1 |       |       |     1 |     3 |     3 |     6 |     6 |    70 ||    90
